 Dungeon Crawl Stone Soup version 0.31.0-11-ge490571c62 (webtiles) character file.

Game seed: 5020826811586601075

6640 hawla the Gouger (level 10, 0/46 HPs)
             Began as a Felid Shapeshifter on Jan 27, 2024.
             Was a Priest of Makhleb.
             Slain by an elephant (7 damage)
             ... on level 1 of the Lair of Beasts.
             The game lasted 00:26:37 (9083 turns).

hawla the Gouger (Felid Shapeshifter)               Turns: 9083, Time: 00:26:38

Health: 0/46       AC:  2    Str: 14    XL:     10   Next: 72%
Magic:  15/15      EV: 25    Int: 14    God:    Makhleb [***...]
Gold:   29         SH:  0    Dex: 16    Spells: 9/9 levels left
                                        Lives:  0   Deaths: 4

rFire   + .          .
                       - Unarmed
rCold   + . .        (shield unavailable)
rNeg    . . .        (body armour unavailable)
rPois   +            (helmet unavailable)
rElec   .            (cloak unavailable)
rCorr   .            (gloves unavailable)
SInv    +            (boots unavailable)
Will    +....        F - amulet of the acrobat
Stlth   +            G - ring of protection from cold
HPRegen 0.27/turn    i - ring of poison resistance
MPRegen 0.14/turn

%: acrobat
@: flux-form, hasted, glowing, very quick
A: glow, contaminating, very small, claws 1, fangs 3, see invisible, shaggy fur
2, stealthy paws, no weapons or thrown items, no armour, multi-lived, fire
resistance 1
a: Begin Untransformation, Renounce Religion, Minor Destruction, Lesser Servant
of Makhleb


You were on level 1 of the Lair of Beasts.
You worshipped Makhleb.
Makhleb was most pleased with you.
You were something dangerously unstable.
You visited 3 branches of the dungeon, and saw 11 of its levels.
You also visited: Sewer.

You collected 689 gold pieces.
You spent 660 gold pieces at shops.

Inventory:

Jewellery
 f - a ring of protection from fire
 i - a ring of poison resistance (right paw)
 q - a +4 ring of slaying
 s - the ring of Midnight {Fire Int+2}
   (You found it on level 6 of the Dungeon)

   [ring of fire]

   Fire:      It enhances your fire magic.
   Int+2:     It affects your intelligence (+2).
   rF+:       It protects you from fire.
   rC-:       It makes you vulnerable to cold.
 y - a ring of flight
 A - a ring of protection from fire
 E - a +6 ring of intelligence
 F - an amulet of the acrobat (around neck)
 G - a ring of protection from cold (left paw)
Talismans
 b - a beast talisman
 c - a flux talisman (active)
Wands
 h - a wand of digging (1)
 j - a wand of paralysis (3)
 z - a wand of roots (17)
 C - a wand of flame (14)
Scrolls
 g - a scroll of immolation
 l - 4 scrolls of identify
 r - a scroll of revelation
 x - a scroll of fog
Potions
 d - a potion of might
 e - 3 potions of attraction
 k - 3 potions of enlightenment
 m - 2 potions of curing
 n - 4 potions of brilliance
 p - 2 potions of ambrosia
 t - 2 potions of cancellation
 u - 3 potions of resistance
 v - a potion of magic
 B - a potion of haste


   Skills:
 - Level 2.0 Fighting
 - Level 8.0 Dodging
 - Level 1.0 Stealth
 + Level 9.3 Unarmed Combat
 + Level 6.4 Invocations
 - Level 4.0 Evocations
 + Level 8.9 Shapeshifting


You had 9 spell levels left.
You didn't know any spells.
Your spell library was empty.

Dungeon Overview and Level Annotations

Branches:
Dungeon (9/15)             Temple (1/1) D:5            Lair (1/5) D:9
  Sewer (visited)
    Orc: D:9-12

Altars:
Ashenzari
Cheibriados
Dithmenos
Elyvilon
Fedhas
Gozag
Hepliaklqana
Kikubaaqudgha
Makhleb
Nemelex Xobeh
Okawaru
Qazlal
Ru
Sif Muna
Trog
Uskayaw
Vehumet
Wu Jian
Xom
Yredelemnul
Zin
The Shining One

Shops:
D:1 !   D:4 *   D:7 *

Annotations:
D:9 1 runed translucent door, LustLizard's ghost, novice MiBe
Temple 2 transporters


Innate Abilities, Weirdness & Mutations

You are something dangerously unstable.
You glow with magical radiation, making you easy to see and hit.
Foes you strike become dangerously contaminated with magical radiation.
You have sharp claws.
You have razor-sharp teeth.
You have supernaturally acute eyesight. (SInv)
You are covered in thick fur. (AC +2)
Your paws help you pounce on unaware monsters.
You are incapable of wielding weapons or throwing items.
You cannot wear armour.
You gain extra lives every three experience levels.
Your flesh is heat resistant. (rF+)


Message History

The blink frog hits you. The elephant closely misses you.
The elephant barely misses you. The blink frog completely misses you.
You scratch the blink frog.
The blink frog shudders as magic cascades through it!
The blink frog twists and deforms.
The blink frog is heavily wounded.
The elephant completely misses you. The elephant misses you.
The blink frog completely misses you.
You miss the blink frog.
The blink frog is heavily wounded.
The blink frog completely misses you. The elephant misses you.
The elephant trunk-slaps you.
You claw the blink frog!
The blink frog begins to glow.
The blink frog is severely wounded.
The blink frog completely misses you. The elephant closely misses you.
The elephant completely misses you.
You scratch the blink frog.
The blink frog glows dangerously bright.
The blink frog is almost dead.
The blink frog blinks!
The blink frog blinks!
You scratch the elephant.
The elephant begins to glow.
The elephant is lightly wounded.
The elephant tramples you!
* * * LOW HITPOINT WARNING * * *
You stumble backwards!
You scratch the elephant.
The elephant glows dangerously bright.
You bite the elephant, but do no damage.
The elephant is lightly wounded.
The elephant completely misses you. x2
You scratch the elephant.
The elephant shudders as magic cascades through it!
The elephant twists and deforms.
The elephant is moderately wounded.
The elephant closely misses you. The elephant trunk-slaps you.
* * * LOW HITPOINT WARNING * * *
Okay, then.
Okay, then.
You feel yourself speed up.
The blink frog blinks!
The elephant tramples you!
You die...

###### #### ######
#..#######.P#(#######.#.
......
...F...pY...†...........
.....
......###.####.#......†.
...# #+#P. ###
###........ ..# ##. ##
#.Y...##.# ..##...
##....##.# ..#....
#....##.. ...# #....#...
..## #....#... ..#
#.....#..


You could see an elephant (misshapen) and a blink frog (contam, misshapen).

Vanquished Creatures
  An elephant (Lair:1)
  A black mamba (Lair:1)
  A cane toad (Lair:1)
  A komodo dragon (Lair:1)
  A hornet (D:8)
  Grinder (Sewer)
  2 blink frogs (Lair:1)
  Sigmund (Temple)
  A wyvern (D:7)
  A vampire mosquito (D:5)
  2 water moccasins
  Duvessa (D:5)
  An ice beast (D:5)
  2 orc warriors (D:9)
  A black bear (D:7)
  An ogre (D:6)
  2 centaurs (D:8)
  2 phantoms
  4 kobold brigands
  4 bullfrogs
  A gnoll sergeant (D:9)
  5 scorpions
  5 wights (D:8)
  Dowan (D:5)
  11 killer bees
  2 howler monkeys
  4 bombardier beetles
  A gnoll bouda (D:8)
  6 orc priests
  3 hounds
  4 iguanas
  2 sleepcaps
  Jessica (D:2)
  5 orc wizards
  10 gnolls
  6 adders
  4 shadow imps
  4 ufetubi
  An adder zombie (Sewer)
  The ghost of dialectric the Sneak, a weakling GrDe (D:5)
  A dart slug (D:4)
  43 orcs
  9 ball pythons
  A bat zombie (Sewer)
  5 endoplasms
  8 giant cockroaches
  4 goblins
  4 hobgoblins
  8 jackals
  6 quokkas
  6 bats
  6 frilled lizards
  26 kobolds
  A kobold zombie (Sewer)
  8 rats
244 creatures vanquished.

Vanquished Creatures (collateral kills)
  A black mamba (Lair:1)
1 creature vanquished.

Grand Total: 245 creatures vanquished

Notes
Turn   | Place    | Note
-------+----------+-------------------------------------------
     0 | D:1      | hawla the Felid Shapeshifter began the quest for the Orb.
     0 | D:1      | Reached XP level 1. HP: 10/10 MP: 2/2
    52 | D:1      | Reached XP level 2. HP: 14/14 MP: 3/3
   169 | D:1      | Reached skill level 4 in Unarmed Combat
   272 | D:1      | Found Castrod's Distillery.
   289 | D:1      | Bought a potion of degeneration for 13 gold pieces
   390 | D:1      | Reached XP level 3. HP: 17/18 MP: 4/4
   566 | D:2      | Found a faded altar of an unknown god.
   917 | D:2      | Noticed Jessica
   927 | D:2      | Killed Jessica
   928 | D:2      | Reached skill level 5 in Unarmed Combat
   928 | D:2      | Reached XP level 4. HP: 18/22 MP: 5/5
   928 | D:2      | Gained a life (2 lives remaining)
  1285 | D:2      | HP: 1/22 [orc/+0 hand axe (4)]
  1286 | D:2      | Slain by an orc
  1286 | D:2      | Lost a life (1 life remaining)
  1318 | D:3      | Reached XP level 5. HP: 17/25 MP: 6/6
  1472 | D:3      | Mangled by a bullfrog
  1472 | D:3      | Lost a life (0 lives remaining)
  1722 | D:3      | Gained mutation: You are covered in thick fur. (AC +2)
                  | [Felid growth]
  1722 | D:3      | Reached XP level 6. HP: 30/30 MP: 7/7
  1767 | D:3      | Found a shimmering altar of Xom.
  1767 | D:3      | Found a shimmering altar of Xom.
  1769 | D:3      | Found a shimmering altar of Xom.
  1769 | D:3      | Found a shimmering altar of Xom.
  2575 | D:4      | Reached XP level 7. HP: 20/33 MP: 8/8
  2575 | D:4      | Gained a life (1 life remaining)
  2746 | D:4      | Reached skill level 5 in Dodging
  2746 | D:4      | Reached skill level 6 in Unarmed Combat
  2977 | D:4      | Reached skill level 5 in Shapeshifting
  2992 | D:4      | Found Biplap's Assorted Antiques.
  3000 | D:4      | Bought a wooden wand for 136 gold pieces
  3000 | D:4      | Bought a scroll labelled UDEOXZ DUAPU for 34 gold pieces
  3000 | D:4      | Bought a scroll labelled JIM ZUIFEWYU for 34 gold pieces
  3362 | D:5      | Entered Level 5 of the Dungeon
  3370 | D:5      | Noticed Dowan
  3371 | D:5      | Noticed Duvessa
  3401 | D:5      | Noticed a vampire mosquito
  3407 | D:5      | Noticed dialectric's ghost (weakling GrDe)
  3476 | D:5      | Killed Duvessa
  3671 | D:5      | Killed Dowan
  3854 | D:5      | Reached XP level 8. HP: 37/37 MP: 9/9
  3872 | D:5      | Found a staircase to the Ecumenical Temple.
  3875 | D:5      | Noticed Sigmund
  3879 | Temple   | Found a transporter.
  3879 | Temple   | Found a transporter.
  3879 | Temple   | Found a transporter.
  3879 | Temple   | Found a transporter.
  3879 | Temple   | Entered the Ecumenical Temple
  3896 | Temple   | Became a worshipper of Makhleb the Destroyer
  4049 | Temple   | Killed Sigmund
  4223 | D:5      | Found a transporter.
  4227 | D:5      | Found a transporter.
  4608 | D:5      | Killed dialectric's ghost
  4647 | D:5      | Reached skill level 1 in Stealth
  4650 | D:5      | Reached skill level 1 in Evocations
  4758 | D:6      | Identified the ring of Midnight {Fire Int+2}
  4803 | D:6      | Found a glowing drain.
  4817 | Sewer    | Entered a sewer
  4841 | Sewer    | Reached skill level 1 in Invocations
  4921 | Sewer    | Found an ancient bone altar of Kikubaaqudgha.
  5022 | Sewer    | Noticed Grinder
  5026 | Sewer    | Reached * piety under Makhleb
  5028 | Sewer    | Paralysed by Grinder for 3 turns
  5037 | Sewer    | Killed Grinder
  5169 | Sewer    | Reached XP level 9. HP: 32/42 MP: 10/10
  5929 | D:6      | Reached skill level 7 in Unarmed Combat
  6454 | D:7      | Found a shadowy altar of Dithmenos.
  6686 | D:7      | Reached ** piety under Makhleb
  6841 | D:7      | Found Sequm's General Store.
  6850 | D:7      | Bought a wand of flame (14) for 137 gold pieces
  6850 | D:7      | Bought a scroll of identify for 28 gold pieces
  6850 | D:7      | Bought a potion of enlightenment for 70 gold pieces
  7291 | D:8      | Reached skill level 8 in Unarmed Combat
  7741 | D:8      | Reached XP level 10. HP: 11/46 MP: 14/14
  7741 | D:8      | Gained a life (2 lives remaining)
  7918 | D:8      | Reached skill level 5 in Invocations
  8079 | D:9      | Found a runed translucent door.
  8079 | D:9      | Noticed LustLizard's ghost (novice MiBe)
  8131 | D:9      | Found a snail-covered altar of Cheibriados.
  8142 | D:9      | Gained mutation: You have a pair of small antennae on your
                  | head. [potion of mutation]
  8142 | D:9      | Gained mutation: You are dopey. (Int -2) [potion of
                  | mutation]
  8143 | D:9      | Lost mutation: You have a pair of small antennae on your
                  | head. [potion of mutation]
  8143 | D:9      | Lost mutation: You are dopey. (Int -2) [potion of mutation]
  8143 | D:9      | Gained mutation: Your flesh is heat resistant. (rF+)
                  | [potion of mutation]
  8179 | D:9      | Slain by a gnoll
  8179 | D:9      | Lost a life (1 life remaining)
  8434 | D:9      | Reached *** piety under Makhleb
  8571 | D:1      | Bought a potion of resistance for 130 gold pieces
  8571 | D:1      | Bought 2 potions of curing for 78 gold pieces
  8733 | D:9      | Found a staircase to the Lair.
  8758 | Lair:1   | Entered Level 1 of the Lair of Beasts
  8820 | Lair:1   | Noticed a cane toad
  8829 | Lair:1   | Killed a cane toad
  8902 | Lair:1   | Noticed a black mamba
  8912 | Lair:1   | Killed a black mamba
  8934 | Lair:1   | Noticed a black mamba
  8955 | Lair:1   | Reached skill level 9 in Unarmed Combat
  8956 | Lair:1   | HP: 1/46 [black mamba (7)]
  8962 | Lair:1   | Killed a black mamba
  8979 | Lair:1   | Mangled by a blink frog
  8979 | Lair:1   | Lost a life (0 lives remaining)
  8995 | Lair:1   | Noticed an elephant
  8995 | Lair:1   | Noticed an elephant
  8995 | Lair:1   | Noticed an elephant
  9042 | Lair:1   | Killed an elephant
  9083 | Lair:1   | Slain by an elephant

Illustrated notes

Levels and vault maps discovered:
D:1:      ldierk_walled_garden_2, layout_basic, serial_shops,
          nicolae_shop_advertising_works [nicolae_subvault_shop_adworks],
          chequers_decorated_corner, chequers_jeans, minmay_worlds_worst_comb
D:2:      layout_loops_ring, dreamdust_ecumenical_altar_statues,
          columned_hall_lemuel, uniq_jessica
D:3:      kennysheep_six_static_rooms, layout_basic, xom_redecorated,
          amethyst_killhole, hangedman_decor_lopped, nicolae_underground_beach
D:4:      layout_gridville, serial_shops, shop
D:5:      layout_loops_ring, minmay_temple_entry_arrows, gammafunk_ghost_arena,
          patterned_corridor, uniq_sigmund, uniq_duvessa
D:6:      layout_gridville, gup_sewer_entry_pipe
D:7:      layout_loops_ring, mainiacjoe_overflow_six_doors_small, serial_shops,
          nicolae_shop_tiny_glass
D:8:      layout_rooms, minmay_misc_feat_secret_circle
D:9:      layout_grid_maze, kennysheep_mini, lair_entry_dummy, orc_0_dummy,
          special_room [special_room_orc], hellmonk_ghost_happy_afterlife,
          due_unseen_surprise
Temple:   hellmonk_temple_divided_pantheon
Lair:1:   layout_regular_city, serial_bayou_pond_d

Skill      XL: |  1  2  3  4  5  6  7  8  9 10 |
---------------+-------------------------------+-----
Unarmed Combat | 4 5 6 8 9 |  9.3
Dodging        | 3 4 6 7 8 |  8.0
Shapeshifting  | 3 4 5 7 8 |  8.9
Stealth        | 1 |  1.0
Evocations     | 1 4 |  4.0
Invocations    | 1 4 6 |  6.4
Fighting       | 2 |  2.0

Action                     |  1- 3 |  4- 6 |  7- 9 | 10-12 || total
---------------------------+-------+-------+-------+-------++-------
  Melee: Unarmed           |   106 |   117 |   469 |   169 ||   861
         Bite              |     7 |    11 |    66 |    22 ||   106
         Punch             |     1 |     4 |    14 |       ||    19
 Invoke: Lesser Servant of |       |       |       |     1 ||     1
  Evoke: Wand              |       |       |     8 |     1 ||     9
    Use: Potion            |       |     1 |     2 |     9 ||    12
         Scroll            |       |    12 |     5 |     5 ||    22
   Stab: Sleeping          |     3 |     2 |     4 |       ||     9
         Distracted        |       |     1 |       |       ||     1
 Armour: Skin              |    29 |    37 |   139 |    53 ||   258
  Dodge: Dodged            |    96 |    78 |   561 |   199 ||   934
   Form: Flux              |       |       |     1 |       ||     1
